 Dungeon Crawl Stone Soup version 0.25.0-8-gfd19cd77bd (webtiles) character file.

Game seed: 17651532743208254986

1620 Delamore the Basher (level 8, -19/46 HPs)
             Began as a Gargoyle Fighter on June 16, 2020.
             Was an Initiate of Qazlal.
             Shot with a bolt by an orc warrior (20 damage)
             ... in a bailey.
             The game lasted 00:07:11 (5442 turns).

Delamore the Basher (Gargoyle Fighter)              Turns: 5442, Time: 00:07:12

Health: -19/46     AC: 18    Str: 21    XL:     8   Next: 96%
Magic:  8/8        EV:  5    Int: 13    God:    Qazlal [......]
Gold:   386        SH:  9    Dex:  9    Spells: 7/7 levels left

rFire    . . .     SeeInvis .   H - +4 flail
rCold    . . .     Gourm    .   c - +0 kite shield
rNeg     + + +     Faith    .   n - +0 chain mail (curse)
rPois    ∞         Spirit   .   E - +1 helmet {Int+3}
rElec    +         Reflect  +   (no cloak)
rCorr    .         Harm     .   A - +0 pair of gloves (curse)
MR       .....                  (no boots)
Stlth    ..........             q - amulet of reflection
HPRegen  0.15/turn              B - ring of the Rabble {+Inv rN++ Stlth-}
MPRegen  0.11/turn              (no ring)

@: no status effects
A: negative energy resistance 1, electricity resistance, unbreathing,
petrification resistance, rot immunity, AC +5
a: Renounce Religion, Evoke Invisibility


You were in a bailey.
You worshipped Qazlal.
Qazlal was noncommittal.
You were not hungry.

You visited 2 branches of the dungeon, and saw 8 of its levels.
You also visited: Bailey.

You collected 386 gold pieces.

Inventory:

Hand Weapons
 a - a +0 flail
 F - the +6 war axe of Malaise {holy, MP+9 Str+6 Int-5 SInv}
   (You found it on level 6 of the Dungeon)

   It has been blessed by the Shining One to cause great damage to the undead
   and demons.
   It affects your strength (+6).
   It affects your intelligence (-5).
   It affects your magic capacity (+9).
   It lets you see invisible.
 H - a +4 flail (weapon)
Missiles
 u - 3 atropa-tipped darts (quivered)
 K - a throwing net
Armour
 c - a +0 kite shield (worn)
 n - a cursed +0 chain mail (worn)
 w - a +0 helmet
 A - a cursed +0 pair of gloves (worn)
 E - a +1 helmet of intelligence (worn)
Jewellery
 q - an amulet of reflection (around neck)
 y - an uncursed amulet of regeneration
 B - the ring of the Rabble (left hand) {+Inv rN++ Stlth-}
   (You found it on level 4 of the Dungeon)

   [ring of attention]

   It greatly protects you from negative energy.
   It lets you turn invisible.
   It makes you less stealthy.
Wands
 b - a wand of clouds (4)
 p - a wand of iceblast (5)
 C - a wand of paralysis (7)
Scrolls
 e - 8 scrolls of identify
 g - 2 scrolls of fog
 j - a scroll of enchant armour {unknown}
 k - a scroll of amnesia {unknown}
 o - 3 scrolls of remove curse {unknown}
 s - 2 scrolls of enchant weapon {unknown}
 v - 4 scrolls of magic mapping
 D - 3 scrolls of teleportation {unknown}
 I - a scroll of noise {unknown}
 J - a scroll of blinking {unknown}
Potions
 d - 3 potions of might
 h - a potion of ambrosia {unknown}
 i - a potion of degeneration {unknown}
 l - a potion of magic
 m - a potion of lignification
 r - 2 potions of resistance {unknown}
 t - a potion of mutation
 x - a potion of cancellation {unknown}
 z - 3 potions of stabbing
 G - a potion of flight {unknown}
Comestibles
 f - 14 rations


   Skills:
 - Level 3.2 Fighting
 + Level 11.0 Maces & Flails
 - Level 3.2 Armour
 - Level 3.2 Shields


You had 7 spell levels left.
You didn't know any spells.
Your spell library was empty.

Dungeon Overview and Level Annotations

Branches:
Dungeon (7/15)             Temple (1/1) D:5          Bailey (1/1)

Altars:
Ashenzari
Cheibriados
Dithmenos
Elyvilon
Fedhas
Kikubaaqudgha
Makhleb
Nemelex Xobeh
Qazlal
Ru
Sif Muna
Vehumet
Wu Jian
Xom
Yredelemnul
Zin
The Shining One
Jiyva

Shops:
D:5 }


Innate Abilities, Weirdness & Mutations

You are resistant to torment.
Your stone body is resilient. (AC +5)
You are immune to poison.
You resist negative energy. (rN+)
You are resistant to electric shocks. (rElec)
You can survive without breathing.
You are immune to petrification.
You are immune to rotting.


Message History

q - an amulet of reflection (around neck)
The orc shoots a bolt.
The bolt hits you.
The orc warrior shoots a bolt.
You reflect the bolt off an invisible shield around you!
The bolt hits the orc warrior but does no damage.
An orc comes into view. It is wielding a +0 arbalest.
The orc shouts!
The orc disappears!
The orc warrior shoots a bolt.
The bolt hits you!
The orc moves out of view.
You see here a bolt.
The orc warrior shoots a bolt.
The bolt hits you!!
* * * LOW HITPOINT WARNING * * *
You see here a bolt.
The orc disappears!
The orc warrior shoots a bolt.
The bolt hits you but does no damage.
You see here a bolt.
The orc warrior shoots a bolt.
The bolt hits you.
* * * LOW HITPOINT WARNING * * *
You see here a bolt.
The orc warrior shoots a bolt.
The bolt hits you!!
You die...

########################
.......@..............∩#
........(............∩.#
..........(.((..(((.((.#
.......................#
.......................#
.......................#
...........≈≈≈≈≈.......#
..........≈≈#o#≈≈......#
.........≈##o##≈......#


You could see an orc warrior.

Vanquished Creatures
  A black bear (D:6)
  2 ogres
  A phantom (D:4)
  A bullfrog (D:6)
  5 scorpions
  4 wights
  A howler monkey (D:4)
  A crimson imp (D:5)
  A jelly (D:5)
  2 orc priests
  A hound (D:5)
  5 orc wizards
  Ijyb (D:3)
  3 iguanas
  3 worker ants
  8 adders
  7 gnolls
  3 shadow imps
  2 oozes (D:1)
  2 worms
  2 dart slugs (D:3)
  4 leopard geckos
  14 orcs
  4 bats
  14 giant cockroaches
  8 goblins
  9 hobgoblins
  9 jackals
  4 quokkas
  A ball python (D:1)
  9 frilled lizards
  5 kobolds
  6 rats
143 creatures vanquished.

Notes
Turn   | Place    | Note
-------+----------+-------------------------------------------
     0 | D:1      | Delamore the Gargoyle Fighter began the quest for the Orb.
     0 | D:1      | Reached XP level 1. HP: 14/14 MP: 1/1
   108 | D:1      | Reached XP level 2. HP: 17/19 MP: 2/2
   224 | D:1      | Reached skill level 3 in Maces & Flails
   387 | D:1      | Reached XP level 3. HP: 23/23 MP: 3/3
  1045 | D:2      | Found a radiant altar of Vehumet.
  1536 | D:2      | Reached skill level 4 in Maces & Flails
  1752 | D:2      | Reached XP level 4. HP: 26/28 MP: 4/4
  2161 | D:3      | Reached skill level 5 in Maces & Flails
  2170 | D:3      | Reached XP level 5. HP: 19/32 MP: 5/5
  2316 | D:3      | Found a shimmering blue altar of Sif Muna.
  2739 | D:3      | Found a white marble altar of Elyvilon.
  2755 | D:3      | Found a shimmering altar of Xom.
  2890 | D:3      | Found a burning altar of Makhleb.
  3219 | D:3      | Noticed Ijyb
  3240 | D:3      | Killed Ijyb
  3245 | D:3      | Found a snail-covered altar of Cheibriados.
  3387 | D:4      | Reached skill level 6 in Maces & Flails
  3387 | D:4      | Reached XP level 6. HP: 33/37 MP: 6/6
  3584 | D:4      | Got a smoking turquoise ring
  3589 | D:4      | Identified the ring of the Rabble {+Inv rN++ Stlth-} (You
                  | found it on level 4 of the Dungeon)
  3607 | D:4      | Reached skill level 7 in Maces & Flails
  3687 | D:4      | Noticed a phantom
  3830 | D:4      | Killed a phantom
  3830 | D:4      | Reached XP level 7. HP: 41/41 MP: 7/7
  4050 | D:5      | Entered Level 5 of the Dungeon
  4081 | D:5      | Reached skill level 8 in Maces & Flails
  4279 | D:5      | Found a staircase to the Ecumenical Temple.
  4297 | D:5      | Reached skill level 9 in Maces & Flails
  4297 | D:5      | Reached XP level 8. HP: 46/46 MP: 8/8
  4322 | Temple   | Entered the Ecumenical Temple
  4613 | D:5      | Found Otrear's Gadget Boutique.
  4871 | D:5      | Reached skill level 10 in Maces & Flails
  4936 | D:6      | Got an encrusted war axe
  4937 | D:6      | Identified the +6 war axe of Malaise {holy, MP+9 Str+6
                  | Int-5 SInv} (You found it on level 6 of the Dungeon)
  5080 | D:6      | Found a stormy altar of Qazlal.
  5108 | D:6      | Became a worshipper of Qazlal Stormbringer
  5380 | D:7      | Found a blossoming altar of Fedhas.
  5401 | D:7      | Found a flagged portal.
  5408 | D:7      | Reached skill level 11 in Maces & Flails
  5424 | Bailey   | Entered a bailey
  5441 | Bailey   | HP: 1/46 [orc warrior/bolt (4)]
  5442 | Bailey   | Shot with a bolt by an orc warrior

Illustrated notes

Levels and vault maps discovered:
D:1:      saegor_arrival_simple_b, layout_loops_ring
D:2:      minmay_roachtagon, layout_basic, vehumet_crystals
D:3:      layout_basic, lemuel_coloured_pillars_altar,
          nicolae_overflow_quartered_altars, minmay_misc_feat_more_columns,
          uniq_ijyb
D:4:      layout_cave_pools, first_ration
D:5:      layout_rooms, minmay_temple_entry_steel_oval, serial_shops, shop,
          abandoned_shop
D:6:      layout_rooms, grunt_qazlal_sundering
D:7:      layout_gridville, fedhas_ov_isle_minmay, enter_bailey_6
Temple:   pf_slime_end_temple
Bailey:   bailey_polearm_2, bailey

Skill      XL: |  1  2  3  4  5  6  7  8 |
---------------+-------------------------+-----
Maces & Flails | 3 4 5 6 7 9 11 | 11.0
Fighting       | |  3.2
Armour         | |  3.2
Shields        | |  3.2

Action                   |  1- 3 |  4- 6 |  7- 9 || total
-------------------------+-------+-------+-------++-------
Melee: Flail             |   191 |   342 |   225 ||   758
       War axe           |       |       |    31 ||    31
  Use: Scroll            |       |     2 |     2 ||     4
       Potion            |       |       |     2 ||     2
  Eat: Chunk             |     3 |     8 |     5 ||    16
Armor: Scale mail        |    86 |       |       ||    86
       Chain mail        |    17 |   339 |   154 ||   510
       Skin              |       |       |     1 ||     1
Dodge: Dodged            |    56 |   111 |    60 ||   227
Block: Kite shield       |    80 |   273 |   104 ||   457
       Reflection        |       |     1 |     1 ||     2
